 Dungeon Crawl Stone Soup version 0.21-a0-434-g806c6c2 (webtiles) character file.

48702 Beatriz the Thaumaturge (level 14, 0/99 HPs)
             Began as a Gnoll Skald on Nov 8, 2017.
             Was a High Priest of Hepliaklqana.
             Slain by a 13-headed hydra (4 damage)
             ... on level 1 of the Lair of Beasts.
             The game lasted 02:15:03 (17265 turns).

Beatriz the Thaumaturge (Gnoll Skald)              Turns: 17265, Time: 02:15:03

Health: 0/99       AC: 24    Str: 16    XL:     14   Next: 47%
Magic:  0/47       EV: 11    Int: 21    God:    Hepliaklqana [*****.]
Gold:   1800       SH:  0    Dex: 24    Spells: 16/33 levels left

rFire    . . .     SeeInvis .   v - +1 executioner's axe (chop)
rCold    . . .     Gourm    .   (shield currently unavailable)
rNeg     . . .     Faith    .   q - +2 plate armour {MR+}
rPois    .         Spirit   +   V - +3 hat of Pondering {ponderous, MR+ MP+10 Int+5}
rElec    .         Reflect  .   Q - scarf {Spirit}
rCorr    .         Harm     .   P - +0 pair of gloves {Dex+3}
MR       +++..     Clarity  +   O - +0 pair of boots {Fly}
Stlth    ..........             A - amulet of regeneration
HPRegen  0.66/turn              t - ring of magical power
MPRegen  0.30/turn              T - +6 ring of dexterity

@: infused, flying, slow
A: distributed training, reduced essence, antennae 1, fangs 1, talons 1, yellow
scales 1, clarity, weak 1, strong nose
a: Recall Ancestor, Ancestor Identity, Transference, Idealise, Renounce
Religion, Stop Flying


You were on level 1 of the Lair of Beasts.
You worshipped Hepliaklqana.
Hepliaklqana was extremely pleased with you.
You were not hungry.

You visited 4 branches of the dungeon, and saw 18 of its levels.
You also visited: Bailey and Ice Cave.

You collected 1800 gold pieces.

Inventory:

Hand Weapons
 o - a +6 battleaxe of freezing
 v - a +1 executioner's axe of chopping (weapon)
Missiles
 e - 34 tomahawks of returning (quivered)
Armour
 q - a +2 plate armour of magic resistance (worn)
 O - a +0 pair of boots of flying (worn)
 P - a +0 pair of gloves of dexterity (worn)
 Q - a scarf of spirit shield (worn)
 V - the +3 hat of Pondering (worn) {ponderous, MR+ MP+10 Int+5}
   (You took it off Gastronok on level 1 of the Orcish Mines)

   It affects your intelligence (+5).
   It affects your resistance to hostile enchantments.
   It affects your magic capacity (+10).
Jewellery
 b - a +2 ring of intelligence
 t - a ring of magical power (left hand)
 A - an amulet of regeneration (around neck)
 M - a +3 ring of strength {unknown}
 T - a +6 ring of dexterity (right hand)
Wands
 a - a wand of random effects (0/48)
 n - a wand of random effects (26/48)
 F - a wand of random effects (48/48)
 H - a wand of disintegration (8/24)
 I - a wand of scattershot (0/9)
 J - a wand of lightning (5/15)
 L - a wand of acid (1/15)
Scrolls
 k - 6 scrolls of remove curse
 m - a scroll of teleportation
 u - 2 scrolls of amnesia
 w - a scroll of enchant weapon {unknown}
 y - a scroll of enchant armour
 E - 2 scrolls of identify
 W - a scroll of torment {unknown}
Potions
 f - a potion of resistance {unknown}
 g - 2 potions of magic {unknown}
 h - 3 potions of brilliance
 i - a potion of lignification {unknown}
 l - a potion of agility {unknown}
 p - 5 potions of flight
 x - 2 potions of cancellation
 C - 2 potions of experience {unknown}
Books
 c - a book of Battle

   Spells                             Type                      Level
   a - Infusion                       Charms                       1
   b - Shroud of Golubria             Charms/Translocation         2
   c - Song of Slaying                Charms                       2
   d - Spectral Weapon                Hexes/Charms                 3
   e - Regeneration                   Charms/Necromancy            3
 z - a book of Changes

   Spells                             Type                      Level
   a - Beastly Appendage              Transmutation                1
   b - Sticks to Snakes               Transmutation                2
   c - Spider Form                    Transmutation/Poison         3
   d - Ice Form                       Ice/Transmutation            4
   e - Blade Hands                    Transmutation                5
 B - a book of Party Tricks

   Spells                             Type                      Level
   a - Summon Butterflies             Summoning                    1
   b - Apportation                    Translocation                1
   c - Lesser Beckoning               Translocation                3
   d - Tukima's Dance                 Hexes                        3
   e - Alistair's Intoxication        Transmutation/Poison         5
   f - Invisibility                   Hexes                        6
 D - a book of Death

   Spells                             Type                      Level
   a - Corpse Rot                     Necromancy                   2
   b - Sublimation of Blood           Necromancy                   2
   c - Agony                          Necromancy                   5
   d - Dispel Undead                  Necromancy                   5
   e - Excruciating Wounds            Charms/Necromancy            5
   f - Bolt of Draining               Conjuration/Necromancy       5
 K - a book of Callings

   Spells                             Type                      Level
   a - Summon Small Mammal            Summoning                    1
   b - Call Imp                       Summoning                    2
   c - Call Canine Familiar           Summoning                    3
   d - Summon Guardian Golem          Hexes/Summoning              3
   e - Summon Lightning Spire         Summoning/Air                4
   f - Summon Ice Beast               Ice/Summoning                4
 N - a book of Misfortune

   Spells                             Type                      Level
   a - Confusing Touch                Hexes                        1
   b - Confuse                        Hexes                        3
   c - Gell's Gravitas                Translocation                3
   d - Petrify                        Transmutation/Earth          4
   e - Metabolic Englaciation         Hexes/Ice                    5
   f - Yara's Violent Unravelling     Hexes/Transmutation          5
 S - a book of Enchantments

   Spells                             Type                      Level
   a - Cause Fear                     Hexes                        4
   b - Yara's Violent Unravelling     Hexes/Transmutation          5
   c - Silence                        Hexes/Air                    5
   d - Deflect Missiles               Charms/Air                   6
   e - Discord                        Hexes                        8
Miscellaneous
 R - a phial of floods (inert)
Comestibles
 d - 5 bread rations
 j - 11 fruits
 r - 10 meat rations
 s - 9 royal jellies
 G - 3 chunks of flesh


   Skills:
 + Level 10.1 Fighting
 + Level 9.1 Short Blades
 + Level 9.1 Long Blades
 + Level 10.1 Axes
 + Level 9.1 Maces & Flails
 + Level 9.1 Polearms
 + Level 9.1 Staves
 + Level 9.1 Slings
 + Level 9.1 Bows
 + Level 9.1 Crossbows
 + Level 9.1 Throwing
 + Level 9.5 Armour
 + Level 10.1 Dodging
 + Level 9.1 Stealth
 + Level 9.1 Shields
 + Level 9.1 Unarmed Combat
 + Level 10.3 Spellcasting
 + Level 7.6 Conjurations
 + Level 7.6 Hexes
 + Level 9.4 Charms
 + Level 7.6 Summonings
 + Level 7.6 Necromancy
 + Level 7.6 Translocations
 + Level 7.6 Transmutations
 + Level 7.6 Fire Magic
 + Level 7.6 Ice Magic
 + Level 7.6 Air Magic
 + Level 7.6 Earth Magic
 + Level 7.6 Poison Magic
 + Level 9.9 Invocations
 + Level 9.1 Evocations


You had 16 spell levels left.
You knew the following spells:

 Your Spells              Type           Power        Failure   Level  Hunger
a - Infusion              Chrm           ####         4%          1    None
b - Song of Slaying       Chrm           ######..     6%          2    None
c - Regeneration          Chrm/Necr      #####.....   19%         3    None
d - Tukima's Dance        Hex            #####...     26%         3    None
e - Cause Fear            Hex            #####.....   65%         4    ##.....
f - Summon Guardian Gole  Hex/Summ       #####...     26%         3    None
g - Apportation           Tloc           #####.       9%          1    None


Dungeon Overview and Level Annotations

Branches:
Dungeon (14/15)            Temple (1/1) D:5            Lair (2/6) D:8
    Orc (1/2) D:11         Vaults (0/5) D:14
  Swamp: Lair:2-4    Shoals: Lair:2-4     Snake: Lair:2-4    Spider: Lair:2-4

Altars:
Ashenzari
Cheibriados
Dithmenos
Elyvilon
Fedhas
Gozag
Hepliaklqana
Kikubaaqudgha
Makhleb
Nemelex Xobeh
Okawaru
Qazlal
Ru
Sif Muna
Trog
Uskayaw
Vehumet
Wu Jian
Xom
Yredelemnul
Zin
The Shining One

Shops:
D:10 (   D:11 (


Innate Abilities, Weirdness & Mutations

Your experience applies equally to all skills.
You have very sharp teeth.
Your uncanny sense of smell can sniff out nearby items.
Your life essence is reduced to manifest your ancestor. (-10% HP)
You have a pair of small antennae on your head.
You have sharp toenails.
You are partially covered in yellow scales. (AC +2)
You possess an exceptional clarity of mind.
You are weak. (Str -2)


Message History

You extend your infusion's duration.
The 13-headed hydra barely misses you. The 13-headed hydra closely misses you.
The 13-headed hydra bites you but does no damage.
The 13-headed hydra completely misses you.
The 13-headed hydra misses you. x2; The 13-headed hydra closely misses you.
The 13-headed hydra bites you but does no damage.
The 13-headed hydra barely misses you.
The 13-headed hydra bites you but does no damage.
The 13-headed hydra barely misses you. x2; The 13-headed hydra misses you.
Okay, then.
As you read the scroll of fog, it crumbles to dust.
The scroll dissolves into smoke.
The 13-headed hydra bites you but does no damage. x3
The 13-headed hydra completely misses you.
The 13-headed hydra misses you.
The 13-headed hydra bites you but does no damage. x2
The 13-headed hydra closely misses you. The 13-headed hydra bites you!
* * * LOW HITPOINT WARNING * * *
The 13-headed hydra closely misses you. The 13-headed hydra bites you.
You die...

########.#.##..####...#
#...P#.###P#.#.# #####
#.P.##.........# ##.#.##
####.#.###.###P...##
###.....###.##...P#### ##...P#
#................## #....#
###...#######P##§§#######...#####
.###..# ####§§§..............
.....## #@P####.###......♣
#..##.##########D##.#### #....≈.≈
...............§Y§.#######..≈.≈.≈
###.#####P#.####.#..##.#.#....≈≈.
### ##### #.........♣≈.....≈
#.P#####..♣....≈≈. #..#
#..≈≈≈.≈≈≈. ### ### #.##
##....≈.≈≈.≈ ..###.###### #..#
#...≈≈.≈..≈.


You could see a 13-headed hydra and an elephant.

Vanquished Creatures
  2 orc warlords
  Fannar (D:10)
  3 two-headed ogres
  A hydra (Lair:2)
  A tengu warrior (D:14)
  A skeletal warrior (D:14)
  2 orc knights
  A deep elf mage (D:13)
  A black mamba (Lair:1)
  An ice statue (IceCv)
  A spiny frog (Lair:1)
  A kobold demonologist (D:13)
  A yaktaur (D:14)
  A troll (D:13)
  5 polar bears
  A wolf spider simulacrum (D:13)
  The ghost of Beatriz the Charmwright, an amateur GnSk of Hepliaklqana (D:4)
  A slime creature (D:13)
  2 centaur simulacra (D:13)
  Sigmund (D:3)
  3 water elementals (D:13)
  15 yaks
  7 hogs
  A human (D:6)
  4 wargs
  3 porcupines
  A sky beast (D:13)
  12 orc warriors
  7 ice beasts
  3 ogres
  An eye of draining (D:13)
  14 wolves
  3 crocodiles
  5 big kobolds
  6 bullfrogs
  A gnoll sergeant (D:7)
  2 scorpions
  6 killer bees
  5 wights (D:9)
  5 howler monkeys
  2 electric eels
  2 crimson imps
  4 centaur zombies
  2 bullfrog skeletons
  4 hounds
  A jelly (D:11)
  6 bullfrog zombies
  5 centaur skeletons
  12 orc priests
  7 orc wizards
  Crazy Yiuf (D:6)
  Jessica (D:2)
  Natasha (twice) (D:2)
  3 iguanas
  6 worker ants
  A hound zombie (D:6)
  A hound skeleton (D:11)
  4 gnolls
  A howler monkey skeleton (D:4)
  11 adders
  2 white imps (D:13)
  2 ufetubi (D:13)
  2 oozes (D:2)
  2 adder skeletons
  3 adder zombies (D:6)
  A worm (D:2)
  4 dart slugs
  5 leopard geckos
  35 orcs
  A ball python (D:4)
  8 bats
  5 giant cockroaches
  8 goblins
  10 hobgoblins
  10 jackals
  3 quokkas
  6 frilled lizards
  2 jackal zombies (D:6)
  22 kobolds
  A quokka zombie (D:6)
  4 rats
  2 fungi (Lair:1)
347 creatures vanquished.

Vanquished Creatures (collateral kills)
  Gastronok (Orc:1)
  Kirke (D:13)
  A frost giant (IceCv)
  The ghost of Foxy the Grappler, a journeyman DrTm of Makhleb (IceCv)
  A hydra (Lair:1)
  A death knight (D:11)
  A tengu warrior (D:14)
  3 two-headed ogres
  2 unseen horrors
  A wizard (D:14)
  3 cyclopes
  2 manticores
  2 ice statues (IceCv)
  A spiny frog (Lair:1)
  2 kobold demonologists (D:13)
  3 centaur skeletons (D:14)
  2 yaktaurs (D:14)
  2 trolls
  6 polar bears (IceCv)
  A meliai (D:11)
  A hornet (D:11)
  3 slime creatures (D:13)
  A hippogriff (D:11)
  A centaur simulacrum (D:13)
  A shadow (D:11)
  11 yaks
  3 hogs
  A wraith (D:13)
  A water elemental (D:13)
  A basilisk (D:11)
  2 hungry ghosts
  A steam dragon (D:10)
  A warg (D:11)
  A soldier ant (D:13)
  5 orc warriors
  2 ice beasts
  4 ogres
  3 phantoms
  5 wolves
  A boggart (D:14)
  A centaur (D:10)
  2 big kobolds
  A bullfrog (D:8)
  A gnoll sergeant (D:11)
  A water moccasin zombie (D:6)
  2 scorpions
  4 killer bees (D:11)
  4 howler monkeys
  2 electric eels
  A bullfrog zombie (D:10)
  2 jellies
  A crimson imp (D:10)
  A wyvern simulacrum (D:13)
  A quasit (D:10)
  5 orc priests
  2 hounds (D:12)
  2 bullfrog skeletons (D:11)
  An iguana (D:9)
  2 battlemagi
  5 orc wizards
  2 worker ants
  A bullfrog simulacrum (D:13)
  A gnoll (D:7)
  5 adders
  2 shadow imps (D:8)
  An ufetubus (D:13)
  16 orcs
  2 goblins
  A hobgoblin (Bailey)
  A frilled lizard (D:5)
  8 kobolds
  A leopard gecko zombie (D:6)
  A quokka zombie (D:6)
169 creatures vanquished.

Vanquished Creatures (others)
  A centaur warrior (D:13)
  5 dancing weapons
  16 battlemagi
  3 ancestors
  An orc (D:10)
  4 fungi
30 creatures vanquished.

Grand Total: 546 creatures vanquished

Notes
Turn   | Place    | Note
-------+----------+-------------------------------------------
     0 | D:1      | Beatriz the Gnoll Skald began the quest for the Orb.
     0 | D:1      | Reached XP level 1. HP: 20/20 MP: 6/6
   158 | D:1      | Reached XP level 2. HP: 26/26 MP: 7/7
   304 | D:1      | Reached XP level 3. HP: 9/31 MP: 5/9
   527 | D:1      | Learned a level 2 spell: Song of Slaying
   531 | D:1      | Learned a level 3 spell: Regeneration
   763 | D:1      | Reached skill level 5 in Spellcasting
  1052 | D:2      | Reached skill level 1 in Invocations
  1098 | D:2      | Reached skill level 1 in Short Blades
  1098 | D:2      | Reached skill level 1 in Long Blades
  1098 | D:2      | Reached skill level 1 in Maces & Flails
  1098 | D:2      | Reached skill level 1 in Polearms
  1098 | D:2      | Reached skill level 1 in Staves
  1098 | D:2      | Reached skill level 1 in Slings
  1098 | D:2      | Reached skill level 1 in Bows
  1098 | D:2      | Reached skill level 1 in Crossbows
  1098 | D:2      | Reached skill level 1 in Throwing
  1098 | D:2      | Reached skill level 1 in Stealth
  1098 | D:2      | Reached skill level 1 in Shields
  1098 | D:2      | Reached skill level 1 in Unarmed Combat
  1098 | D:2      | Reached skill level 1 in Evocations
  1098 | D:2      | Reached XP level 4. HP: 10/38 MP: 2/11
  1422 | D:2      | Noticed Jessica
  1434 | D:2      | Killed Jessica
  1465 | D:2      | Reached skill level 1 in Conjurations
  1465 | D:2      | Reached skill level 1 in Hexes
  1465 | D:2      | Reached skill level 1 in Summonings
  1465 | D:2      | Reached skill level 1 in Necromancy
  1465 | D:2      | Reached skill level 1 in Translocations
  1465 | D:2      | Reached skill level 1 in Transmutations
  1465 | D:2      | Reached skill level 1 in Fire Magic
  1465 | D:2      | Reached skill level 1 in Ice Magic
  1465 | D:2      | Reached skill level 1 in Air Magic
  1465 | D:2      | Reached skill level 1 in Earth Magic
  1465 | D:2      | Reached skill level 1 in Poison Magic
  1498 | D:2      | Noticed Natasha
  1504 | D:2      | Killed Natasha
  1504 | D:2      | Reached XP level 5. HP: 28/43 MP: 0/12
  1615 | D:2      | Found a stormy altar of Qazlal.
  1689 | D:2      | Noticed Natasha
  1708 | D:2      | Killed Natasha
  2390 | D:3      | Reached XP level 6. HP: 47/50 MP: 13/13
  2500 | D:3      | Noticed Sigmund
  2519 | D:3      | Killed Sigmund
  2519 | D:3      | Reached skill level 5 in Fighting
  2519 | D:3      | Reached skill level 5 in Axes
  2519 | D:3      | Reached skill level 5 in Dodging
  2857 | D:4      | Noticed a phantom
  2896 | D:5      | Entered Level 5 of the Dungeon
  3207 | D:5      | Reached XP level 7. HP: 47/56 MP: 15/15
  3227 | D:5      | Found a staircase to the Ecumenical Temple.
  3257 | Temple   | Entered the Ecumenical Temple
  3319 | Temple   | Became a worshipper of Hepliaklqana the Forgotten
  3904 | D:4      | Noticed Beatriz's ghost (amateur GnSk)
  4130 | D:6      | Reached XP level 8. HP: 47/56 MP: 16/16
  4159 | D:6      | Reached * piety under Hepliaklqana
  4464 | D:6      | Found a runed door.
  4468 | D:6      | Noticed Crazy Yiuf
  4476 | D:6      | Killed Crazy Yiuf
  4818 | D:4      | Killed Beatriz's ghost
  5226 | D:7      | Reached XP level 9. HP: 43/62 MP: 2/18
  5495 | D:6      | Reached skill level 5 in Armour
  5933 | D:7      | Found an ancient bone altar of Kikubaaqudgha.
  6401 | D:8      | Found a staircase to the Lair.
  6464 | D:8      | Reached skill level 5 in Invocations
  6599 | D:8      | Reached XP level 10. HP: 53/69 MP: 16/20
  6874 | D:9      | Reached ** piety under Hepliaklqana
  6901 | D:9      | Remembered your ancestor HelioPhage as a battlemage
  6954 | D:9      | Found a shattered altar of Ashenzari.
  7003 | D:9      | Learned a level 3 spell: Tukima's Dance
  7005 | D:9      | Learned a level 1 spell: Apportation
  7009 | D:9      | Learned a level 3 spell: Summon Guardian Golem
  7046 | D:10     | Entered Level 10 of the Dungeon
  7046 | D:10     | Found Jerrur's Weapon Shop.
  7103 | D:10     | Reached skill level 5 in Short Blades
  7103 | D:10     | Reached skill level 5 in Long Blades
  7103 | D:10     | Reached skill level 5 in Maces & Flails
  7103 | D:10     | Reached skill level 5 in Polearms
  7103 | D:10     | Reached skill level 5 in Staves
  7103 | D:10     | Reached skill level 5 in Slings
  7103 | D:10     | Reached skill level 5 in Bows
  7103 | D:10     | Reached skill level 5 in Crossbows
  7103 | D:10     | Reached skill level 5 in Throwing
  7103 | D:10     | Reached skill level 5 in Stealth
  7103 | D:10     | Reached skill level 5 in Shields
  7103 | D:10     | Reached skill level 5 in Unarmed Combat
  7103 | D:10     | Reached skill level 5 in Evocations
  7618 | D:10     | Noticed Fannar
  7675 | D:10     | Killed Fannar
  8137 | D:11     | Found a staircase to the Orcish Mines.
  8261 | D:11     | Found Kewamm's Weapon Boutique.
  8624 | D:11     | Reached XP level 11. HP: 69/75 MP: 20/22
  8702 | D:11     | Noticed a cyclops
  8715 | D:11     | Killed a cyclops
  8776 | D:11     | Reached *** piety under Hepliaklqana
  9027 | D:11     | Noticed a death knight
  9030 | D:11     | Reached skill level 5 in Conjurations
  9030 | D:11     | Reached skill level 5 in Hexes
  9030 | D:11     | Reached skill level 5 in Summonings
  9030 | D:11     | Reached skill level 5 in Necromancy
  9030 | D:11     | Reached skill level 5 in Translocations
  9030 | D:11     | Reached skill level 5 in Transmutations
  9030 | D:11     | Reached skill level 5 in Fire Magic
  9030 | D:11     | Reached skill level 5 in Ice Magic
  9030 | D:11     | Reached skill level 5 in Air Magic
  9030 | D:11     | Reached skill level 5 in Earth Magic
  9030 | D:11     | Reached skill level 5 in Poison Magic
  9055 | D:11     | Noticed a two-headed ogre
  9117 | D:11     | Killed a two-headed ogre
  9159 | D:11     | Killed a death knight
  9562 | D:12     | Noticed a two-headed ogre
  9576 | D:12     | Killed a two-headed ogre
  9753 | D:12     | Found a flagged portal.
  9759 | Bailey   | Entered a bailey
  9785 | Bailey   | Noticed an orc warlord
  9911 | Bailey   | Found a runed gate.
  9913 | Bailey   | Found a runed gate.
  9915 | Bailey   | Found a runed gate.
  9922 | Bailey   | Noticed an orc knight
  9969 | Bailey   | Killed an orc knight
 10250 | Bailey   | Killed an orc warlord
 10422 | D:12     | Reached XP level 12. HP: 68/83 MP: 18/24
 10424 | D:12     | Noticed a two-headed ogre
 10433 | D:12     | Killed a two-headed ogre
 10845 | D:12     | Reached **** piety under Hepliaklqana
 11290 | D:13     | Found a frozen archway.
 11299 | IceCv    | Entered an ice cave
 11304 | IceCv    | Noticed Foxy's ghost (journeyman DrTm)
 11340 | IceCv    | Killed Foxy's ghost
 11759 | IceCv    | Identified a scroll of acquirement
 11768 | IceCv    | Noticed a frost giant
 11787 | IceCv    | HP: 3/84 [frost giant (9)]
 11855 | IceCv    | Killed a frost giant
 12037 | IceCv    | Reached XP level 13. HP: 90/90 MP: 8/26
 12548 | D:13     | Gained mutation: You have sharp toenails. [mutagenic meat]
 12549 | D:13     | Gained mutation: You have a pair of small antennae on your head. [mutagenic meat]
 12552 | D:13     | Gained mutation: You are partially covered in yellow scales. (AC +2) [mutagenic meat]
 12553 | D:13     | Gained mutation: You are weak. (Str -2) [mutagenic meat]
 12555 | D:13     | Gained mutation: You possess an exceptional clarity of mind. [mutagenic meat]
 12734 | D:13     | Learned a level 4 spell: Cause Fear
 13296 | D:13     | Reached ***** piety under Hepliaklqana
 13557 | D:14     | Found a shimmering altar of Xom.
 13814 | D:14     | Noticed Kirke
 13829 | D:14     | Noticed a sphinx
 13832 | D:14     | Noticed a sphinx
 14180 | D:13     | Killed Kirke
 14180 | D:13     | Reached skill level 10 in Spellcasting
 14180 | D:13     | Reached XP level 14. HP: 38/98 MP: 18/28
 14439 | D:14     | Got a distressingly furry buckler
 14450 | D:14     | Identified the -1 buckler "Vituq" {Stlth+} (You acquired it on level 14 of the Dungeon)
 14851 | D:14     | Found a gate to the Vaults.
 14975 | Orc:1    | Entered Level 1 of the Orcish Mines
 15219 | Orc:1    | Noticed an orc warlord
 15821 | D:11     | Killed an orc warlord
 15821 | D:11     | Reached skill level 10 in Fighting
 15821 | D:11     | Reached skill level 10 in Axes
 15821 | D:11     | Reached skill level 10 in Dodging
 15990 | Orc:1    | Noticed Gastronok
 16004 | Orc:1    | Killed Gastronok
 16426 | Lair:1   | Entered Level 1 of the Lair of Beasts
 17265 | Lair:1   | HP: 4/99 [13-headed hydra (6)]
 17265 | Lair:1   | Slain by a 13-headed hydra

Vault maps used:
D:1:      nicolae_arrival_somewhat_less_tricky_arrival
D:2:      nicolae_qazlal_eye_of_the_storm, uniq_natasha, uniq_jessica
D:3:      uniq_sigmund
D:4:      first_bread
D:5:      temple_pool_b
D:6:      serial_undead, serial_undead_c, serial_undead_a, serial_undead_e,
          serial_undead_e, serial_undead_d, serial_undead_f,
          uniq_crazy_yiuf_cottage
D:7:      basic_altar, grunt_livestock
D:8:      lair_entry_dummy
D:9:      ashenzari_conservatory_becter, nicolae_underground_beach
D:10:     serial_shops, shop, uniq_fannar
D:11:     kennysheep_windowed_halls, minmay_orc_entry_guard_dogs, serial_shops,
          shop, patterned_corridor
D:12:     enter_bailey_3
D:13:     serial_ice, serial_ice_g, serial_ice_h, serial_ice_m, serial_ice_c,
          serial_ice_j, serial_ice_a, serial_ice_b, serial_ice_f,
          portal_ice_cave_entry_pillars_1, abandoned_shop
D:14:     hangedman_vaults_entry_quadrant_bands, basic_altar,
          minmay_misc_feat_iff, uniq_kirke
Temple:   compressed_dpeg_circular_temple
Lair:1:   nicolae_quartered_pool_medium
Lair:2:   special_room, grunt_forest_large_clearings
Orc:1:    minmay_goldmine, minmay_orc_keep, uniq_gastronok
Bailey:   bailey_axe_bossmonster_kennysheep, bailey
IceCv:    ice_cave_small_giant

Skill      XL: |  1  2  3  4  5  6  7  8  9 10 11 12 13 14 |
---------------+-------------------------------------------+-----
Spellcasting   | 5 6 7 8 9 10 | 10.3
Invocations    | 1 2 3 4 5 6 7 8 9 |  9.9
Short Blades   | 1 2 3 4 5 6 7 8 9 |  9.1
Long Blades    | 1 2 3 4 5 6 7 8 9 |  9.1
Maces & Flails | 1 2 3 4 5 6 7 8 9 |  9.1
Polearms       | 1 2 3 4 5 6 7 8 9 |  9.1
Staves         | 1 2 3 4 5 6 7 8 9 |  9.1
Slings         | 1 2 3 4 5 6 7 8 9 |  9.1
Bows           | 1 2 3 4 5 6 7 8 9 |  9.1
Crossbows      | 1 2 3 4 5 6 7 8 9 |  9.1
Throwing       | 1 2 3 4 5 6 7 8 9 |  9.1
Stealth        | 1 2 3 4 5 6 7 8 9 |  9.1
Shields        | 1 2 3 4 5 6 7 8 9 |  9.1
Unarmed Combat | 1 2 3 4 5 6 7 8 9 |  9.1
Evocations     | 1 2 3 4 5 6 7 8 9 |  9.1
Conjurations   | 1 2 3 4 5 6 7 |  7.6
Hexes          | 1 2 3 4 5 6 7 |  7.6
Summonings     | 1 2 3 4 5 6 7 |  7.6
Necromancy     | 1 2 3 4 5 6 7 |  7.6
Translocations | 1 2 3 4 5 6 7 |  7.6
Transmutations | 1 2 3 4 5 6 7 |  7.6
Fire Magic     | 1 2 3 4 5 6 7 |  7.6
Ice Magic      | 1 2 3 4 5 6 7 |  7.6
Air Magic      | 1 2 3 4 5 6 7 |  7.6
Earth Magic    | 1 2 3 4 5 6 7 |  7.6
Poison Magic   | 1 2 3 4 5 6 7 |  7.6
Armour         | 3 4 5 6 7 8 9 |  9.5
Fighting       | 5 6 7 8 9 10 | 10.1
Axes           | 5 6 7 8 9 10 | 10.1
Dodging        | 5 6 7 8 9 10 | 10.1
Charms         | 6 7 8 9 |  9.4

Action                   |  1- 3 |  4- 6 |  7- 9 | 10-12 | 13-15 || total
-------------------------+-------+-------+-------+-------+-------++-------
Melee: Hand axe          |    92 |   175 |   306 |   412 |       ||   985
       Bite              |     8 |    13 |    40 |    78 |    44 ||   183
       Unarmed           |       |     2 |       |       |    16 ||    18
       Punch             |       |     1 |    10 |    18 |       ||    29
       Executioner's axe |       |       |       |    36 |   278 ||   314
Throw: Tomahawk          |       |       |       |    58 |    29 ||    87
 Cast: Infusion          |     2 |    11 |    15 |    34 |    28 ||    90
       Regeneration      |     2 |    10 |    22 |    38 |    29 ||   101
       Song of Slaying   |     1 |     1 |     7 |     9 |     1 ||    19
       Summon Guardian G |       |       |       |    18 |     6 ||    24
       Tukima's Dance    |       |       |       |    13 |    14 ||    27
       Cause Fear        |       |       |       |       |     1 ||     1
Invok: Ancestor Identity |       |       |     1 |       |       ||     1
       Ancestor Life: Ba |       |       |       |     1 |       ||     1
       Recall Ancestor   |       |       |       |       |     2 ||     2
Evoke: Wand              |       |       |       |     3 |    30 ||    33
       Phial of floods   |       |       |       |     1 |     2 ||     3
       Phantom mirror    |       |       |       |       |     1 ||     1
  Use: Potion            |       |       |     6 |    13 |     6 ||    25
       Scroll            |       |       |     8 |    22 |     9 ||    39
 Stab: Sleeping          |     2 |     3 |     1 |     5 |     1 ||    12
       Invisible         |       |       |     1 |       |       ||     1
       Distracted        |       |       |     2 |    11 |     6 ||    19
       Confused          |       |       |       |       |     2 ||     2
  Eat: Chunk             |       |     8 |     9 |    17 |    18 ||    52
       Bread ration      |       |       |     1 |     1 |     2 ||     4
Armor: Leather armour    |    21 |    23 |    47 |   117 |    86 ||   294
       Plate armour      |       |       |       |       |   172 ||   172
Dodge: Dodged            |   104 |   121 |   268 |   466 |   519 ||  1478

Table legend:
 A = Spawn XP
 B = Non-spawn XP
 C = Spawn XP percentage of total XP
 D = Spawn monster count
 E = Non-spawn monster count
 F = Spawn count percentage of total count
 G = Total turns spent on level
                    A         B        C        D         E        F      G
               +---------+---------+-------+---------+---------+-------+---------
         Total |       0 |   69575 |   0.0 |       0 |     513 |   0.0 | 17265
               +---------+---------+-------+---------+---------+-------+---------
           D:1 |       0 |      43 |   0.0 |       0 |      17 |   0.0 |  1044
           D:2 |       0 |     198 |   0.0 |       0 |      27 |   0.0 |   899
           D:3 |       0 |     314 |   0.0 |       0 |      21 |   0.0 |   874
           D:4 |       0 |     565 |   0.0 |       0 |      12 |   0.0 |   565
           D:5 |       0 |     179 |   0.0 |       0 |       9 |   0.0 |  1036
           D:6 |       0 |    1427 |   0.0 |       0 |      31 |   0.0 |   956
           D:7 |       0 |    1184 |   0.0 |       0 |      27 |   0.0 |   854
           D:8 |       0 |     837 |   0.0 |       0 |      12 |   0.0 |   372
           D:9 |       0 |     364 |   0.0 |       0 |       7 |   0.0 |   343
          D:10 |       0 |    2136 |   0.0 |       0 |      25 |   0.0 |  1068
          D:11 |       0 |    8600 |   0.0 |       0 |      54 |   0.0 |  2050
          D:12 |       0 |    3919 |   0.0 |       0 |      30 |   0.0 |  1019
          D:13 |       0 |   15507 |   0.0 |       0 |      71 |   0.0 |  1634
          D:14 |       0 |   10752 |   0.0 |       0 |      37 |   0.0 |  1108
        Lair:1 |       0 |    3814 |   0.0 |       0 |      18 |   0.0 |   731
        Lair:2 |       0 |    1942 |   0.0 |       0 |      10 |   0.0 |   108
         Orc:1 |       0 |    4512 |   0.0 |       0 |      41 |   0.0 |   715
        Bailey |       0 |    2265 |   0.0 |       0 |      27 |   0.0 |   630
         IceCv |       0 |   11017 |   0.0 |       0 |      37 |   0.0 |  1121
               +---------+---------+-------+---------+---------+-------+---------
